 Dungeon Crawl Stone Soup version 0.19-a0-188-ga21aea4 (webtiles) character file.

5124 Kidiri the Fighter (level 10, -6/92 HPs)
             Began as a Hill Orc Gladiator on May 23, 2016.
             Was a Follower of Beogh.
             Killed from afar by Erolcha (36 damage)
             ... with a bolt of lightning
             ... on level 8 of the Dungeon.
             The game lasted 00:26:31 (9287 turns).

Kidiri the Fighter (Hill Orc Gladiator)             Turns: 9287, Time: 00:26:32

Health: -6/92      AC: 15    Str: 21 (22) XL:     10   Next: 58%
Magic:  12/12      EV: 14    Int: 10      God:    Beogh [*.....]
Gold:   483        SH:  0    Dex: 16      Spells: 0 memorised, 9 levels left

rFire  + . .     SeeInvis .     a - +2 long sword
rCold  . . .     Gourm    .     B - +4 ring mail
rNeg   . . .     Faith    .     (no shield)
rPois  .         Spirit   .     (helmet restricted)
rElec  .         Dismiss  .     l - +0 cloak {+Inv}
rCorr  .         Reflect  .     y - +1 pair of gloves
SustAt .         Harm     +     (no boots)
MR     .....                    s - amulet of harm
Stlth  +.........               G - +3 ring of dexterity
                                C - ring of protection from fire

@: not resistant to hostile enchantments, very unstealthy
A: beak, rugged brown scales 1, agile 1, blink, clever 1, deterioration 1, no
device heal 1
a: Blink, Renounce Religion, Evoke Invisibility


You were on level 8 of the Dungeon.
You worshipped Beogh.
Beogh was aware of your devotion.
You were not hungry.

You visited 2 branches of the dungeon, and saw 9 of its levels.
You also visited: Ossuary.

You collected 483 gold pieces.

Inventory:

Hand Weapons
 a - a +2 long sword (weapon)
 K - a +0 blowgun
Missiles
 b - 8 tomahawks
 d - 2 throwing nets
 E - 17 poisoned needles
 I - 5 exploding tomahawks (quivered)
Armour
 c - a +1 helmet
 j - a +0 chain mail
 l - a +0 cloak of invisibility (worn)
 y - a +1 pair of gloves (worn)
 B - a +4 ring mail (worn)
Jewellery
 s - an amulet of harm (around neck)
 C - a ring of protection from fire (left hand)
 G - a +3 ring of dexterity (right hand)
 J - an uncursed ring of fire
Wands
 p - a wand of flame (19/48)
 A - a wand of iceblast (10/15)
 F - a wand of enslavement (9/24)
 H - a wand of lightning (0/15)
Scrolls
 i - a scroll of recharging
 m - 5 scrolls of remove curse
 n - 2 scrolls of teleportation
Potions
 e - a potion of lignification {unknown}
 g - a potion of invisibility
 h - 7 potions of curing
 k - 2 potions of flight
 o - a potion of berserk rage
 q - 2 potions of magic
 t - a potion of ambrosia
 u - a potion of agility
 w - a potion of resistance
 x - a potion of might {unknown}
 z - 2 potions of haste {unknown}
Miscellaneous
 D - a plain deck of summoning
Comestibles
 f - 6 bread rations
 r - 3 meat rations
 v - 6 chunks of flesh


   Skills:
 * Level 8.5 Fighting
 * Level 8.0 Long Blades
 * Level 6.3 Throwing
 * Level 7.3 Armour
 * Level 6.0 Dodging
 + Level 3.0 Evocations


You had 9 spell levels left.
You didn't know any spells.

Dungeon Overview and Level Annotations

Branches:
Dungeon (8/15)             Temple (1/1) D:7
   Lair: D:8-11

Altars:
Ashenzari
Cheibriados
Dithmenos
Elyvilon
Fedhas
Gozag
Kikubaaqudgha
Makhleb
Nemelex Xobeh
Pakellas
Qazlal
Ru
Sif Muna
Trog
Vehumet
Xom
Yredelemnul
Zin
The Shining One

Annotations:
D:8 Erolcha


Innate Abilities, Weirdness & Mutations

You have a beak for a mouth.
You are partially covered in rugged brown scales. (AC +1, +3% HP)
You are agile. (Dex +2)
You can translocate small distances at will.
Your mind is acute. (Int +2)
Your body sometimes deteriorates upon taking damage.
Potions and wands are less effective at restoring your health.


Message History

Erolcha hits you with a giant spiked club!
Erolcha closely misses you.
You hit Erolcha. You peck Erolcha!
Erolcha is lightly wounded.
You slash Erolcha!
Erolcha is heavily wounded.
Erolcha closely misses you.
You hit Erolcha but do no damage. Your peck misses Erolcha.
Erolcha is heavily wounded.
Erolcha barely misses you.
You barely miss Erolcha.
Erolcha is heavily wounded.
You completely miss Erolcha.
Erolcha is heavily wounded.
Erolcha hits you with a giant spiked club!!
You slash Erolcha!
Erolcha is severely wounded.
Erolcha casts a spell at you. The bolt of lightning hits you!
You die...

####..#####..#
#...........##..
#.#.............
#......).##
##..#...).##
#......)))#
...#.......# .#
#.......#
##...@O########.
##..............
#.......########
#.......#
#.......#
##..<..##
##...## #####


You could see Erolcha.

Vanquished Creatures
  The ghost of Kidiri the Skirmisher, a novice HOFi of Beogh (D:7)
  Pikel (D:7)
  The ghost of epen the Changer, a novice MfTm of Sif Muna (D:4)
  A wraith (Ossuary)
  Duvessa (D:5)
  An orc warrior (D:7)
  A wasp (D:6)
  A sky beast (D:7)
  2 ice beasts
  4 phantoms
  3 ogres
  2 necrophages (D:7)
  3 centaurs
  6 giant frogs
  Dowan (D:5)
  A water moccasin skeleton (D:7)
  2 scorpions
  4 wights (D:7)
  3 howler monkeys
  A jelly (D:6)
  A centaur zombie (D:7)
  3 crimson imps
  4 hounds
  Crazy Yiuf (D:5)
  2 orc priests
  A giant frog skeleton (D:4)
  A centaur skeleton (D:7)
  3 iguanas
  6 orc wizards
  7 worker ants
  A killer bee zombie (D:7)
  A big kobold zombie (Ossuary)
  A hound zombie (D:7)
  3 mummies (Ossuary)
  A worker ant zombie (D:6)
  3 gnolls (D:8)
  11 adders
  4 shadow imps (D:5)
  An ooze (D:3)
  An adder zombie (D:5)
  An adder skeleton (D:5)
  3 worms
  3 dart slugs
  6 giant geckos
  19 orcs
  11 giant cockroaches
  5 goblins
  9 hobgoblins
  5 jackals
  9 kobolds
  8 quokkas
  7 bats
  2 giant gecko skeletons
  8 giant newts
  3 goblin zombies (Ossuary)
  2 hobgoblin zombies (Ossuary)
  13 rats
210 creatures vanquished.

Vanquished Creatures (others)
  A big kobold (D:7)
  An orc priest (D:7)
  2 orc wizards (D:7)
  An orc (D:7)
  3 kobolds (D:7)
  2 quokka zombies (D:7)
  2 withered plants (D:7)
12 creatures vanquished.

Grand Total: 222 creatures vanquished

Notes
Turn   | Place    | Note
--------------------------------------------------------------
     0 | D:1      | Kidiri the Hill Orc Gladiator began the quest for the Orb.
     0 | D:1      | Reached XP level 1. HP: 18/18 MP: 1/1
   168 | D:1      | Reached XP level 2. HP: 21/25 MP: 2/2
   258 | D:1      | Reached skill level 1 in Armour
   376 | D:1      | Reached XP level 3. HP: 30/30 MP: 3/3
   648 | D:2      | Gained mutation: You can translocate small distances at will. [potion of mutation]
   648 | D:2      | Gained mutation: Your body sometimes deteriorates upon taking damage. [potion of mutation]
   741 | D:2      | Found a glowing golden altar of the Shining One.
  1048 | D:2      | Reached XP level 4. HP: 29/38 MP: 4/4
  1757 | D:3      | Found a faded altar to an unknown god.
  1964 | D:3      | Reached XP level 5. HP: 28/45 MP: 5/5
  2475 | D:3      | Gained mutation: You are agile. (Dex +2) [potion of mutation]
  2475 | D:3      | Gained mutation: Potions and wands are less effective at restoring your health. [potion of mutation]
  2475 | D:3      | Gained mutation: Your mind is acute. (Int +2) [potion of mutation]
  2781 | D:4      | Found an opulent altar of Gozag.
  2791 | D:4      | Reached XP level 6. HP: 43/52 MP: 6/6
  2988 | D:4      | Found a sand-covered staircase.
  2993 | Ossuary  | Entered an ossuary
  2993 | Ossuary  | Noticed a wraith
  2993 | Ossuary  | Noticed a wraith
  2993 | Ossuary  | Noticed a wraith
  3667 | Ossuary  | Noticed a wraith
  3682 | Ossuary  | Killed a wraith
  3682 | Ossuary  | Reached skill level 5 in Long Blades
  3682 | Ossuary  | Reached XP level 7. HP: 38/60 MP: 7/7
  3919 | D:4      | Gained mutation: You have a beak for a mouth. [potion of mutation]
  3919 | D:4      | Gained mutation: You are partially covered in rugged brown scales. (AC +1, +3% HP) [potion of mutation]
  4238 | D:4      | Noticed epen's ghost (novice MfTm)
  4254 | D:4      | Killed epen's ghost
  4254 | D:4      | Reached skill level 5 in Fighting
  4254 | D:4      | Reached XP level 8. HP: 52/71 MP: 8/8
  5104 | D:5      | Entered Level 5 of the Dungeon
  5277 | D:5      | Reached skill level 5 in Armour
  5612 | D:5      | Found a shadowy altar of Dithmenos.
  5813 | D:5      | Reached XP level 9. HP: 69/80 MP: 9/9
  5900 | D:5      | Noticed Crazy Yiuf
  5907 | D:5      | Killed Crazy Yiuf
  5939 | D:5      | Found a sparkling altar of Nemelex Xobeh.
  5939 | D:5      | Noticed Duvessa
  5939 | D:5      | Noticed Dowan
  5948 | D:5      | Killed Duvessa
  5951 | D:5      | Killed Dowan
  6309 | D:6      | Reached skill level 5 in Throwing
  6609 | D:6      | Found a shimmering altar of Xom.
  6732 | D:6      | Reached skill level 5 in Dodging
  6976 | D:6      | Reached skill level 1 in Evocations
  6988 | D:6      | Found a burning altar of Makhleb.
  7252 | D:7      | Noticed Pikel
  7270 | D:7      | HP: 1/81 [slave[Pikel] (5)]
  7994 | D:7      | Became a worshipper of Beogh the Brigand
  8001 | D:7      | Reached XP level 10. HP: 70/90 MP: 11/11
  8074 | D:7      | Killed Pikel
  8227 | D:7      | Found a staircase to the Ecumenical Temple.
  8239 | Temple   | Entered the Ecumenical Temple
  8343 | D:7      | Noticed Kidiri's ghost (novice HOFi)
  8399 | D:7      | Killed Kidiri's ghost
  8746 | D:7      | Reached * piety under Beogh
  8802 | D:7      | Found a stormy altar of Qazlal.
  8859 | D:7      | Found a sacrificial altar of Ru.
  9095 | D:8      | Noticed Erolcha
  9287 | D:8      | Killed from afar by Erolcha

Vault maps used:
D:1:      mrwooster_arrival_statue, minmay_unequal
D:2:      tso_metal_star
D:3:      ecumenical_altar_2
D:4:      nicolae_overflow_hidden_temple, first_bread, serial_forest,
          infiniplex_forest_clump_small, infiniplex_forest_clump_diagonal,
          infiniplex_forest_zigzag_1, infiniplex_forest_zigzag_1,
          infiniplex_forest_lined_room_2, infiniplex_forest_lined_room_,
          infiniplex_forest_straight_3, infiniplex_forest_corner_1,
          infiniplex_forest_corner_1, nicolae_ossuary_entry_plus,
          nicolae_underground_beach
D:5:      marbit_many_paths, nemelex_deck, uniq_duvessa, uniq_crazy_yiuf_cottage
D:6:      tgw_xom, kennysheep_mini_moat
D:7:      kennysheep_mini, nicolae_ru_path_of_blood, temple_statues,
          serial_undead, serial_undead_c, serial_undead_b, serial_undead_c,
          serial_undead_b, uniq_pikel
D:8:      okawaru_altar_gauntlet_db, uniq_erolcha
Temple:   zaba_magenta_temple_12
Ossuary:  ossuary_kennysheep_city_of_the_dead

Skill      XL: |  1  2  3  4  5  6  7  8  9 10 |
---------------+-------------------------------+-----
Armour         | 1 2 3 4 5 6 7 |  7.3
Throwing       | 2 3 4 5 6 |  6.3
Fighting       | 3 4 5 6 7 8 |  8.5
Dodging        | 3 4 5 6 |  6.0
Long Blades    | 4 5 6 7 8 |  8.0
Evocations     | 1 3 |  3.0

Action                   |  1- 3 |  4- 6 |  7- 9 | 10-12 || total
-------------------------+-------+-------+-------+-------++-------
Melee: Long sword        |   127 |   216 |   314 |   124 ||   781
       Peck              |       |       |    77 |    34 ||   111
 Fire: Blowgun           |       |       |       |     8 ||     8
Throw: Throwing net      |       |     1 |     3 |     2 ||     6
       Tomahawk          |       |       |     7 |     1 ||     8
Invok: Convert to Beogh  |       |       |     1 |       ||     1
 Abil: Evoke Invisibilit |       |       |     2 |     1 ||     3
  Use: Scroll            |     9 |     5 |     9 |     4 ||    27
       Potion            |     1 |     3 |     2 |     3 ||     9
 Stab: Invisible         |       |       |     3 |       ||     3
       Held in net/web   |       |       |     1 |       ||     1
  Eat: Chunk             |     1 |     7 |     7 |     2 ||    17
       Beef jerky        |       |       |     2 |     3 ||     5
       Royal jelly       |       |       |     1 |       ||     1
       Bread ration      |       |       |     1 |       ||     1
       Pizza             |       |       |       |     1 ||     1
Armor: Leather armour    |    41 |       |       |       ||    41
       Chain mail        |    20 |   161 |   172 |    60 ||   413
Dodge: Dodged            |   105 |   121 |   157 |    79 ||   462
